 Dungeon Crawl Stone Soup version 0.31-a0-149-g3fdcc5976a (webtiles) character file.

Game seed: 11199770202932963994

65 pokeman the Magician (level 3, -4/20 HPs)
             Began as a Deep Elf Hedge Wizard on June 8, 2023.
             Slain by Crazy Yiuf
             ... wielding a +2 quarterstaff of chaos
              (6 damage)
             ... on level 2 of the Dungeon.
             The game lasted 00:03:29 (1676 turns).

pokeman the Magician (Deep Elf Hedge Wizard)        Turns: 1676, Time: 00:03:29

Health: -4/20      AC:  4    Str:  7    XL:     3   Next: 92%
Magic:  1/11       EV: 12    Int: 20    God:
Gold:   137        SH:  0    Dex: 14    Spells: 4/12 levels left

rFire   . . .        a - +0 dagger
rCold   . . .        (no shield)
rNeg    . . .        b - +0 robe
rPois   .            c - +0 hat
rElec   .            o - +0 cloak
rCorr   .            (no gloves)
SInv    .            r - +0 pair of boots
Will    .....        (no amulet)
Stlth   ++           (no ring)
HPRegen 0.23/turn    (no ring)
MPRegen 0.12/turn

%: no passive effects
@: no status effects
A: no striking features
a: no special abilities


You were on level 2 of the Dungeon.
You visited 1 branch of the dungeon, and saw 2 of its levels.

You collected 137 gold pieces.

Inventory:

Hand Weapons
 a - a +0 dagger (weapon)
Armour
 b - a +0 robe (worn)
 c - a +0 hat (worn)
 h - a +0 buckler
 o - a +0 cloak (worn)
 r - a +0 pair of boots (worn)
 u - a scarf of invisibility
Magical Staves
 l - a staff of death
 v - a staff of cold
Jewellery
 g - an amulet of guardian spirit
Scrolls
 e - a scroll of brand weapon {unknown}
 f - 2 scrolls of vulnerability {unknown}
 i - a scroll of enchant armour {unknown}
 j - a scroll of blinking {unknown}
 k - 3 scrolls of identify {unknown}
 n - 2 scrolls of fog {unknown}
 p - a scroll of poison {unknown}
 s - a scroll of silence {unknown}
Potions
 d - a potion of magic
 m - a potion of haste {unknown}
 q - a potion of lignification {unknown}
 t - a potion of invisibility {unknown}
 w - a potion of brilliance {unknown}


   Skills:
 - Level 1.0 Fighting
 - Level 1.0 Armour
 + Level 2.4 Dodging
 - Level 2.4 Stealth
 + Level 0.0 Shields
 * Level 5.4 Spellcasting
 + Level 2.0 Conjurations
 - Level 1.1 Summonings
 - Level 1.1 Translocations


You had 4 spell levels left.
You knew the following spells:

 Your Spells              Type           Power      Damage    Failure   Level
a - Magic Dart            Conj           52%        1d5       4%          1
b - Mephitic Cloud        Conj/Pois/Air  8%         N/A       26%         3
c - Call Imp              Summ           18%        N/A       11%         2
d - Blink                 Tloc           18%        N/A       11%         2

Your spell library contained the following spells:

 Spells                   Type           Power      Damage    Failure   Level
 Slow                     Hex            20%        N/A       11%         1
 Cigotuvi's Dreadful Rot  Necr/Pois/Air  10%        N/A       17%         2


Dungeon Overview and Level Annotations

Branches:
Dungeon (2/15)

Altars:

Annotations:
D:2 Crazy Yiuf


Message History

Crazy Yiuf appears confused.
Crazy Yiuf closely misses your cerulean imp.
Your cerulean imp hits Crazy Yiuf but does no damage.
Unknown command.
You hit Crazy Yiuf.
Crazy Yiuf is moderately wounded.
Crazy Yiuf is engulfed in noxious fumes.
Crazy Yiuf appears confused.
Crazy Yiuf hits you with a +2 quarterstaff of chaos.
Crazy Yiuf freezes you.
Your cerulean imp hits Crazy Yiuf with a -4 spear.
You strike the helpless Crazy Yiuf from behind!
You puncture Crazy Yiuf!
Crazy Yiuf is severely wounded.
Crazy Yiuf hits you with a +2 quarterstaff of chaos.
You feel your power leaking away.
Your cerulean imp hits Crazy Yiuf but does no damage.
Unknown command.
You barely miss Crazy Yiuf. You punch Crazy Yiuf, but do no damage.
Crazy Yiuf is severely wounded.
Crazy Yiuf says, "I wonder if I left the window open."
Your cerulean imp hits Crazy Yiuf with a -4 spear.
Unknown command.
You hit Crazy Yiuf but do no damage.
Crazy Yiuf is severely wounded.
Crazy Yiuf scratches his head thoughtfully.
Crazy Yiuf hits you with a +2 quarterstaff of chaos!
* * * LOW HITPOINT WARNING * * *
Crazy Yiuf burns you.
* * * LOW HITPOINT WARNING * * *
Your cerulean imp hits Crazy Yiuf with a -4 spear.
You hit Crazy Yiuf but do no damage.
Crazy Yiuf is almost dead.
Crazy Yiuf hits your cerulean imp with a +2 quarterstaff of chaos!
Your cerulean imp hits Crazy Yiuf but does no damage.
Unknown command.
You hit Crazy Yiuf but do no damage.
Crazy Yiuf is almost dead.
Crazy Yiuf hits you with a +2 quarterstaff of chaos.
You die...

.# #...#
######.#### ##
#.)## #.# ####
#.# #.## #..# ###
#####.# #)..###
##.....#
#...g§####......#
#...##..#...@..##
### ###.#5g..##
########


You could see Crazy Yiuf (confused, ally target) and a friendly cerulean imp
(summoned).

Vanquished Creatures
  Terence (D:2)
  11 ball pythons
  5 bats
  5 endoplasms
  A giant cockroach (D:1)
  3 goblins
  2 hobgoblins
  2 quokkas (D:1)
  2 frilled lizards
  A kobold (D:1)
  3 rats
36 creatures vanquished.

Notes
Turn   | Place    | Note
-------+----------+-------------------------------------------
     0 | D:1      | pokeman the Deep Elf Hedge Wizard began the quest for the
                  | Orb.
     0 | D:1      | Reached XP level 1. HP: 10/10 MP: 7/7
   183 | D:1      | Reached XP level 2. HP: 10/15 MP: 4/9
   714 | D:1      | Reached skill level 5 in Spellcasting
   874 | D:1      | Reached XP level 3. HP: 20/20 MP: 7/11
   878 | D:1      | Learned a level 3 spell: Mephitic Cloud
   881 | D:1      | Learned a level 2 spell: Call Imp
   884 | D:1      | Learned a level 2 spell: Blink
  1165 | D:2      | Noticed Terence
  1189 | D:2      | Killed Terence
  1190 | D:2      | Reached skill level 1 in Fighting
  1190 | D:2      | Reached skill level 1 in Armour
  1650 | D:2      | Found a runed translucent door.
  1651 | D:2      | Noticed Crazy Yiuf
  1676 | D:2      | Slain by Crazy Yiuf

Illustrated notes

Levels and vault maps discovered:
D:1:      dpeg_arrival_castle, layout_rooms
D:2:      layout_rooms, minmay_splitting_lines, uniq_crazy_yiuf_cottage,
          uniq_terence

Skill      XL: |  1  2  3 |
---------------+----------+-----
Spellcasting   | 5 |  5.4
Fighting       | 1 |  1.0
Armour         | 1 |  1.0
Conjurations   | 2 |  2.0
Dodging        | |  2.4
Stealth        | |  2.4
Summonings     | |  1.1
Translocations | |  1.1

Action                     || total
---------------------------++-------
  Melee: Dagger            ||    23
         Punch             ||     1
   Cast: Magic Dart        ||    72
         Mephitic Cloud    ||     4
         Call Imp          ||     3
   Stab: Confused          ||     3
  Dodge: Dodged            ||     4

Table legend: (Time is in decaauts)
 A = Elapsed time spent in this place.
 B = Non-inter-level travel time spent in this place.
 C = Inter-level travel time spent in this place.
 D = Time resting spent in this place.
 E = Time spent auto-exploring this place.
 F = Levels seen in this place.
 G = Mean time per level.
                   A        B        C        D        E       F      G
               +--------+--------+--------+--------+--------+-----+--------+
         Total |   1681 |   1660 |     21 |     55 |   1382 |   2 |  840.5 |
       Dungeon |   1681 |   1660 |     21 |     55 |   1382 |   2 |  840.5 |
               +--------+--------+--------+--------+--------+-----+--------+

Top non-repeatable levels by time:
     D:1: 944 daAuts
     D:2: 736 daAuts
